[Event "Early-Titled-Tuesday-Blitz-June-18-2024"]
[Site "Chess.com"]
[Date "2024.06.18"]
[Round "4"]
[White "sansanathalia"]
[Black "crazy_but_lazy"]
[Result "1-0"]
[WhiteElo "2462"]
[BlackElo "2662"]
[TimeControl "180+1"]
[EndTime "8:42:06 PDT"]
[Termination "sansanathalia won by resignation"]

1. e4 e5 2. Nf3 Nc6 3. Bb5 a6 4. Ba4 Nf6 5. d4 exd4 6. O-O Be7 7.
e5 Ne4 8. Nxd4 Nc5 9. Nf5 O-O 10.
Qg4 g6 11. Bxc6 dxc6 12. Nxe7+ Qxe7 13. Qg3 Re8 14. Re1 Bf5 15. Bg5 f6 16. Bd2 fxe5 17.
Nc3 Rad8 18. Bg5 Qf7 19. Bxd8 Rxd8 20. Qxe5 Nd7 21. Qxc7 Rf8 22. Rad1 Bxc2 23. Rd2 Bf5 24. Qxb7 Qf6 25. Qxa6 Ne5 26. Qe2 Nf7 27. Qe3 h6 28. Ne4 Qg7 29. Ng3 Bc8 30. Qc3 Qxc3 31. bxc3 h5 32. Ne4 Bf5 33. Nd6 Rd8 34. Red1 Nxd6 35. Rxd6 Ra8 36. R6d2 Kf7 37. f3 h4 38. Kf2 Kf6 39.
g4 hxg3+ 40. hxg3 Ra3 41. g4 Be6 42. Rc2 Bd5 43. Rdd2 g5 44. Kg3 Ke5 45. Re2+ Kd6 46. Re3 Ra4 47. c4 Bxc4 48. Re4 Kd5 49. Rd2+ Kc5 50.
Re5+ Kb6 51. Rxg5 Bb5 52. Rf5 Ra3 53. Rf4 c5 54. g5 Bc6 55. g6 Bd5 56. Rxd5 1-0

[Event "Early-Titled-Tuesday-Blitz-June-18-2024"]
[Site "Chess.com"]
[Date "2024.06.18"]
[Round "4"]
[White "Chopper1905"]
[Black "Ordekalog"]
[Result "0-1"]
[WhiteElo "2904"]
[BlackElo "2635"]
[TimeControl "180+1"]
[EndTime "8:42:07 PDT"]
[Termination "Ordekalog won by resignation"]

1. d4 d5 2. c4 e6 3. Nc3 c5 4. e3 Nf6 5. Nf3 Nc6 6. a3 a6 7. dxc5 Bxc5 8. b4 Ba7 9. Ra2 O-O 10. Rd2 Ne7 11. Bb2 Bd7 12. cxd5 exd5 13. Bd3 Rc8 14. O-O Bb8 15. Ne2 Ng6 16. Ng3 Re8 17. Qa1 Rc6 18. Rfd1 Qc7 19. Bxf6 Rxf6 20. Nh5 Ree6 21.
Bf5 Nh4 22. Nxf6+ Rxf6 23. Nxh4 Qxh2+ 24. Kf1 Bb5+ 25. Bd3 Qh1+ 26. Ke2 Qxh4 27. Bxb5 Rxf2+ 28. Kd3 Qe4+ 29. Kc3 Be5+ 30. Kb3 Bxa1 31. Rxf2 Qxe3+ 32. Bd3 Qxf2 33. Rxa1 Qxg2 34. Re1 g6 35. Kc3 Qg3 36. Re8+ Kg7 37. Re7 Qf4 38. Rxb7 h5 39. Bxa6 h4 40. Rd7 Qe3+ 41. Kc2 Qe4+ 42. Kb3 Qf3+ 43. Ka4 h3 44. Bb7 Qf4 45. Bxd5 Qf5 46. Rd6 h2 47. b5 Qf4+ 48. Ka5 Qxd6 49. Bb7 Qc5 50. Ka6 Qg1 51. a4 h1=Q 52.
Bxh1 Qxh1 53. b6 Qa8+ 54. Kb5 Kf6 55. a5 Ke7 56. a6 Kd6 57. b7 Qa7 58. Ka5 Kc7 59. Kb5 Kb8 60. Kc6 g5 61. Kd7 g4 62.
Ke8 g3 63. Kxf7 g2 64. Ke6 g1=Q 65. Kd7 0-1

[Event "Early-Titled-Tuesday-Blitz-June-18-2024"]
[Site "Chess.com"]
[Date "2024.06.18"]
[Round "4"]
[White "SilverCityIndigo"]
[Black "SoCalJuniorChess"]
[Result "1-0"]
[WhiteElo "2407"]
[BlackElo "2215"]
[TimeControl "180+1"]
[EndTime "8:42:07 PDT"]
[Termination "SilverCityIndigo won on time"]

1. d4 Nf6 2. Nf3 c5 3. d5 b5 4.
a4 b4 5. a5 e6 6. c4 d6 7.
Nbd2 e5 8. Qc2 g6 9. e4 Bg4 10. h3 Bxf3 11. Nxf3 h5 12. Bg5 Bh6 13. Bxh6 Rxh6 14.
a6 Nbd7 15. Be2 Nb6 16. Kd2 Rh8 17. g4 hxg4 18. hxg4 Kd7 19. Ng5 Qe7 20. Qd3 Nfxd5 21. exd5 Qxg5+ 22. Qe3 Qxe3+ 23. fxe3 Rxh1 24. Rxh1 Kc7 25.
Rh7 Rf8 26. g5 Na8 27. Bg4 Kb6 28. Bd7 Kxa6 29. Kd3 Nb6 30. Bc6 Nc8 31. b3 Ne7 32. Bb5+ Kb6 33. Bd7 a5 34. Ke4 Ng8 35. Ba4 f5+ 36. Kf3 f4 37. Rg7 fxe3+ 38. Kxe3 Rf5 39.
Rxg8 Rxg5 40. Rb8+ Kc7 41. Rb5 Rg3+ 42. Ke4 Rg4+ 43.
Kf3 Rf4+ 44. Ke3 g5 45. Rxa5 g4 46. Ra7+ Kd8 47. Rg7 Rf3+ 48. Ke4 Rf4+ 49. Ke3 Rf3+ 50. Ke2 Rg3 51. Rd7+ Kc8 52. Rxd6 Rg2+ 53. Kf1 Ra2 54. Rc6+ Kd8 55. Rxc5 g3 56. d6 Ra1+ 57. Kg2 Ra2+ 58. Kxg3 Rd2 59. d7 1-0

[Event "Early-Titled-Tuesday-Blitz-June-18-2024"]
[Site "Chess.com"]
[Date "2024.06.18"]
[Round "4"]
[White "Adar_07"]
[Black "dosto07"]
[Result "1-0"]
[WhiteElo "2810"]
[BlackElo "2617"]
[TimeControl "180+1"]
[EndTime "8:42:08 PDT"]
[Termination "Adar_07 won by resignation"]

1. e4 e5 2. Nf3 Nc6 3. Bb5 a6 4. Ba4 Nf6 5. O-O Be7 6. Re1 b5 7. Bb3 d6 8. c3 O-O 9. h3 Bb7 10. d4 Re8 11. Ng5 Rf8 12. Nf3 Re8 13. Bg5 h6 14.
Bh4 Nh5 15. Bxe7 Qxe7 16. Nxe5 dxe5 17. Qxh5 exd4 18. Bd5 Rab8 19. Bxc6 Bxc6 20. cxd4 Qb4 21. Nc3 Qxb2 22. Qc5 b4 23. Qxc6 Qxc3 24. Qxc3 bxc3 25. Rac1 Rb4 26. Rxc3 Rxd4 27. f3 Ra4 28. Re2 Re7 29. Rd3 g5 30. Rc2 Kg7 31. Kf2 c5 32. Kg3 c4 33. Rd6 Rc7 34. h4 Rc5 35. hxg5 hxg5 36. Kg4 c3 37. Kh5 a5 38. Rd5 Rxd5 39. exd5 Kf6 40. Rxc3 Rxa2 41. Rc6+ Ke7 42. g4 Rd2 43. Rc5 a4 44. Kxg5 Rd3 45. f4 a3 46. Ra5 Kd6 47.
f5 Kc7 48. Kf6 Kb6 49. Ra8 Kb7 50.
Ra4 Kb6 51. Kxf7 Kb5 52. Ra8 Rxd5 53. Rxa3 Kb4 54. Rg3 Kc4 55. f6 Kd4 56. g5 Rd7+ 57. Kg8 Ra7 58. f7 Ke5 59. f8=Q Rd7 60. Qf6+ Kd5 61.
Rd3+ 1-0

[Event "Early-Titled-Tuesday-Blitz-June-18-2024"]
[Site "Chess.com"]
[Date "2024.06.18"]
[Round "4"]
[White "Oleg_Papayan"]
[Black "Ginger_GM"]
[Result "1/2-1/2"]
[WhiteElo "2565"]
[BlackElo "2633"]
[TimeControl "180+1"]
[EndTime "8:42:08 PDT"]
[Termination "Game drawn by repetition"]

1. d4 e6 2. Nc3 b6 3. e4 Bb7 4. Nf3 d6 5. Bd3 Nd7 6. O-O g6 7. Bg5 Ne7 8. Re1 Bg7 9. a4 a6 10. Qd2 h6 11. Bh4 g5 12. Bg3 Ng6 13. h3 O-O 14.
Rad1 Nf6 15. e5 Nh5 16. exd6 Nxg3 17. fxg3 Bxf3 18. gxf3 Qxd6 19. Ne2 c5 20. Bxg6 fxg6 21. Kg2 Rad8 22. Qd3 cxd4 23. Qxg6 Qd5 24. Nxd4 Rf6 25. Qe4 Qxe4 26. fxe4 Rg6 27. c3 h5 28. Nc6 Re8 29. Rd7 h4 30. Ne7+ Rxe7 31. Rxe7 Be5 32. g4 Kf8 33. Rb7 Ke8 34. Rd1 Rf6 35. Rf1 Rg6 36. Rxb6 Bc7 37. Rxa6 Kd7 38. Rd1+ Kc8 39. Rc6 Kb7 40. Rc4 Rg7 41. b4 Rf7 42. a5 Bg3 43. Rf1 Rd7 44. Rd4 Rc7 45. c4 Be5 46. Rd8 Rxc4 47.
Rf7+ Ka6 48. Ra8+ Kb5 49. Rb7+ Ka4 50. a6 Rc2+ 51. Kf1 Bd4 52. b5 Kb3 53. a7 Rc1+ 54. Ke2 Rc2+ 55. Kd3 e5 56. Rd8 Rc3+ 57. Kd2 Rc2+ 58.
Kd1 Kb2 59. a8=Q Rc1+ 60. Ke2 Rc2+ 61. Kd3 Rc3+ 62. Ke2 Rc2+ 63. Kf1 Rc1+ 64. Kg2 Rc2+ 65. Kf3 Rc3+ 66. Ke2 Rc2+ 1/2-1/2

[Event "Early-Titled-Tuesday-Blitz-June-18-2024"]
[Site "Chess.com"]
[Date "2024.06.18"]
[Round "4"]
[White "FairChess_on_YouTube"]
[Black "GothamChess"]
[Result "1-0"]
[WhiteElo "3119"]
[BlackElo "2784"]
[TimeControl "180+1"]
[EndTime "8:42:10 PDT"]
[Termination "FairChess_on_YouTube won by resignation"]

1. d4 g6 2. e4 Bg7 3. Nf3 d6 4. Bc4 Nf6 5. Qe2 O-O 6. e5 dxe5 7. dxe5 Nd5 8. O-O c6 9. h3 a5 10. Rd1 Be6 11. Nbd2 Nf4 12. Qf1 Bxc4 13. Nxc4 Nd5 14. e6 fxe6 15. Qe2 Qc8 16. Ng5 Rf6 17. Rxd5 cxd5 18.
Nb6 Qc6 19. Nxa8 b6 20. Be3 Qxa8 21. Bd4 Qc6 22. Bxf6 Bxf6 23. Nxe6 Bxb2 24. Rb1 Bf6 25. Nf4 Nd7 26. Rd1 d4 27. Qe6+ Qxe6 28. Nxe6 Nc5 29. Nxd4 Na4 30. Nb5 Nb2 31. Rd7 Nc4 32. Kf1 Kf7 33.
Ke2 Ke6 34. Rc7 Kd5 35. Rc8 a4 36.
Nc7+ Kd4 37. Nb5+ Kd5 38. g4 g5 39. c3 Ne5 40. Nd4 Ng6 41. Ke3 Nf4 42. Ra8 Kc4 43.
Rxa4+ Kxc3 44. Ne2+ Nxe2 45. Kxe2 b5 46. Ra6 b4 47. Ke3 Bd4+ 48. Kf3 Bc5 49. Ke2 Bd4 50. f4 gxf4 51. Kf3 e5 52. g5 Kd3 53. Re6 Kc4 54. Ke4 Kc3 55. h4 Kb2 56. Ra6 Kc3 57. h5 f3 58. Kxf3 Kd3 59. Re6 Kc4 60. Ke4 Bc3 61. g6 hxg6 62. hxg6 1-0

[Event "Early-Titled-Tuesday-Blitz-June-18-2024"]
[Site "Chess.com"]
[Date "2024.06.18"]
[Round "4"]
[White "Silent-Killer100"]
[Black "Alex_Sahakyan2006"]
[Result "1-0"]
[WhiteElo "2578"]
[BlackElo "2762"]
[TimeControl "180+1"]
[EndTime "8:42:10 PDT"]
[Termination "Silent-Killer100 won by resignation"]

1. Nf3 Nf6 2. b3 g6 3. Bb2 Bg7 4. e3 O-O 5. Be2 c5 6. O-O Nc6 7. Ne5 Qc7 8. Nxc6 dxc6 9. f4 Rd8 10. Bf3 Nd5 11. Bxg7 Kxg7 12. Qe2 e5 13. g3 Bh3 14. Bg2 Bxg2 15. Qxg2 f5 16. Na3 exf4 17. exf4 b5 18.
c4 Nf6 19. cxb5 Ne4 20. Rfd1 cxb5 21. d3 Nc3 22. Re1 c4 23. Qb2 Qc5+ 24. Kf1 cxd3 25. Nxb5 d2 26. Nxc3 dxe1=Q+ 27. Rxe1 Kh6 28. Na4 Qc6 29. Kg1 Re8 30. Rd1 Rad8 31. Rf1 Rd3 32. Qf2 Rde3 33. g4 Re2 34. Qh4+ Kg7 35. Qg3 Qd5 36. gxf5 Qxf5 37. Nc3 R2e3 38. Qf2 Rxc3 39. Qxa7+ Kg8 40. Qd4 Qg4+ 41. Kh1 Rf3 42. Qd5+ Kg7 43. Qxf3 Qf5 44. Qf2 Qe4+ 45. Kg1 Re5 46. Rd1 Re7 47. Qd4+ Kh6 48. Qxe4 Rxe4 49. Rf1 Re2 50. Rf2 Re1+ 51. Kg2 Ra1 52. Rb2 Kg7 53. b4 Kf7 54. b5 Ke7 55. b6 Rxa2 56. Rxa2 1-0

[Event "Early-Titled-Tuesday-Blitz-June-18-2024"]
[Site "Chess.com"]
[Date "2024.06.18"]
[Round "4"]
[White "Nadtkins"]
[Black "Losingexperience"]
[Result "0-1"]
[WhiteElo "2558"]
[BlackElo "2769"]
[TimeControl "180+1"]
[EndTime "8:42:11 PDT"]
[Termination "Losingexperience won on time"]

1. e4 c5 2. Ne2 d6 3. g3 Nf6 4. Bg2 Nc6 5. c3 g6 6. d4 cxd4 7. cxd4 Bg7 8. Nbc3 O-O 9. h3 Bd7 10. O-O Rc8 11. Be3 a6 12. b3 b5 13. d5 Na5 14.
Rc1 b4 15. Nb1 Bb5 16. Rxc8 Qxc8 17. Re1 Nb7 18. Nd4 Bd7 19. Nd2 Bxh3 20. Nc6 Re8 21. Nxb4 Bxg2 22. Kxg2 Ng4 23. Nc4 Bc3 24. Bd2 Bxb4 25.
Bxb4 Nf6 26. Bc3 Nd7 27. Rh1 f6 28. f4 Nbc5 29. Qd4 Rf8 30. Na5 Nb8 31. Kf3 Qc7 32.
g4 Ncd7 33. Nc4 Ne5+ 34. Kg3 Nxc4 35. b4 Nb6 36. g5 N8d7 37. Rc1 Qc4 38. Bb2 Qxd4 39.
Bxd4 Rc8 40. Rc6 Rb8 41. gxf6 exf6 42. Rxd6 Kf7 43. e5 fxe5 44. fxe5 Ke7 45. a3 Nc4 46. Re6+ Kd8 47. Kf4 a5 48. bxa5 Nxa5 49. Ra6 Nb3 50.
Bc3 Nbc5 0-1

[Event "Early-Titled-Tuesday-Blitz-June-18-2024"]
[Site "Chess.com"]
[Date "2024.06.18"]
[Round "4"]
[White "mangochessgo"]
[Black "Pelusiansky"]
[Result "1-0"]
[WhiteElo "2670"]
[BlackElo "2426"]
[TimeControl "180+1"]
[EndTime "8:42:11 PDT"]
[Termination "mangochessgo won by resignation"]

1. d4 Nf6 2. Nf3 e6 3. Bf4 Bd6 4.
Bxd6 cxd6 5. Nbd2 d5 6. e3 O-O 7. Bd3 b6 8. Qe2 Nc6 9. a3 d6 10. O-O Bb7 11. c4 dxc4 12. Nxc4 Rc8 13. Rac1 Ne7 14.
Rc3 Qd7 15. Rfc1 Be4 16. Nfd2 Bxd3 17. Qxd3 Ned5 18. R3c2 b5 19. Na5 a6 20. Nc6 Rc7 21. e4 Nf4 22. Qe3 Rfc8 23. Nb8 Rxc2 24. Rxc2 Qb7 25. Rxc8+ Qxc8 26. Nxa6 Ng4 27. Qf3 Qc1+ 28. Nf1 Qxf1+ 29. Kxf1 Nxh2+ 30. Ke1 Nxf3+ 31. gxf3 Kf8 32. Nc7 b4 33. a4 Nd3+ 34. Ke2 Nxb2 35. a5 Nc4 36. a6 Nb6 37. a7 h5 38. a8=Q+ Nxa8 39.
Nxa8 h4 40. Nb6 h3 41. Kf1 Ke7 42. Kg1 Kd8 43. Kh2 Kc7 44. Nc4 d5 45. exd5 exd5 46. Nd2 Kc6 47. Kxh3 Kb5 48. Kg4 Ka4 49. Kf5 Ka3 50.
Ke5 Kb2 51. Kxd5 Kc2 52. Nc4 Kd3 53. Kc5 b3 54. d5 Ke2 55. d6 Kxf3 56. d7 g5 57.
d8=Q 1-0

[Event "Early-Titled-Tuesday-Blitz-June-18-2024"]
[Site "Chess.com"]
[Date "2024.06.18"]
[Round "4"]
[White "ThetNaung291"]
[Black "Iball95"]
[Result "1-0"]
[WhiteElo "2454"]
[BlackElo "2815"]
[TimeControl "180+1"]
[EndTime "8:42:14 PDT"]
[Termination "ThetNaung291 won by checkmate"]

1. d4 d5 2. c4 e6 3. Nf3 Nf6 4. Nc3 c5 5. cxd5 cxd4 6. Nxd4 Nxd5 7. Bd2 Bc5 8. Nf3 O-O 9. e3 Nc6 10. Be2 e5 11. O-O Be6 12. Rc1 Bb6 13. Na4 e4 14.
Ne1 Bc7 15. Nc5 Bc8 16. g3 Re8 17. Ng2 Qe7 18. Qc2 Bb6 19. a3 Nf6 20. Rfd1 h6 21.
b4 Bg4 22. Bc3 Bxe2 23. Bxf6 Qxf6 24. Qxe2 Ne5 25. Nd7 Nf3+ 26. Kh1 Qf5 27. Ne1 Rad8 28. Nxb6 axb6 29. Kg2 Qg4 30. Nxf3 exf3+ 31. Qxf3 Qg6 32.
Qxb7 Ra8 33. Rc3 h5 34. h4 Rab8 35. Qc6 Re6 36. Qf3 Rf6 37. Qd5 Re8 38. Rd2 Qg4 39.
Rc4 Qg6 40. Rf4 Rxf4 41. exf4 Qg4 42. Qf3 Qf5 43. Rd5 Qc2 44. Rxh5 Qc1 45. Re5 Rd8 46. Qe2 Kh7 47. Qe4+ g6 48. h5 Rd6 49. hxg6+ Rxg6 50. Rh5+ Kg7 51. Qe5+ f6 52. Qe7+ Kg8 53. Qe8+ Kg7 54.
Qh8+ Kf7 55. Rh7+ Ke6 56. Qe8+ Kf5 57. Rh5+ Kg4 58. Qxg6# 1-0

[Event "Early-Titled-Tuesday-Blitz-June-18-2024"]
[Site "Chess.com"]
[Date "2024.06.18"]
[Round "4"]
[White "Alenzer"]
[Black "AniJak"]
[Result "0-1"]
[WhiteElo "2172"]
[BlackElo "2349"]
[TimeControl "180+1"]
[EndTime "8:42:14 PDT"]
[Termination "AniJak won by resignation"]

1. e4 Nf6 2. e5 Nd5 3. d4 d6 4. Bc4 Nb6 5. Bb3 dxe5 6. Qh5 e6 7. dxe5 Nc6 8. Nf3 g6 9. Qg4 h5 10. Qe4 a5 11. a4 Nd7 12. Nc3 Nc5 13. Qc4 b6 14. Bg5 Ba6 15. Qf4 Be7 16. Rd1 Qc8 17. Bc4 Bxc4 18. Qxc4 Nb4 19. Ne4 Qa6 20. Qxa6 Ncxa6 21. c3 Nd5 22. Bxe7 Kxe7 23. c4 Ndb4 24. Nf6 Rhd8 25.
O-O Nc5 26. Ng5 Ncd3 27. b3 Nxe5 28. Nfe4 f6 29. Nh3 g5 30. f4 gxf4 31. Nxf4 h4 32.
Rxd8 Rxd8 33. Nh5 f5 34. Ng5 Rd2 35. Nf4 Nbd3 36. Nfxe6 Ng4 37. Nxc7 Ne3 38. Nd5+ Nxd5 39. cxd5 f4 40. Nf3 Rb2 41. Nxh4 Rxb3 42. Nf5+ Kf6 43.
Nd4 Rb4 44. Nc6 Rb2 45. d6 Ke6 46. Rd1 Nc5 47. Nb8 Rb3 48. d7 Nxd7 49. Nxd7 Rb4 50. Re1+ Kxd7 51. g3 fxg3 52. hxg3 Rxa4 53. Kf2 b5 54. Kf3 b4 55. Rd1+ Ke6 56. g4 b3 57.
Rb1 Rb4 58. Ke3 a4 59. g5 a3 60. Kd3 a2 61. Ra1 b2 62. Rxa2 b1=Q+ 0-1

[Event "Early-Titled-Tuesday-Blitz-June-18-2024"]
[Site "Chess.com"]
[Date "2024.06.18"]
[Round "4"]
[White "MVM2008"]
[Black "bubeliang"]
[Result "1-0"]
[WhiteElo "2592"]
[BlackElo "2792"]
[TimeControl "180+1"]
[EndTime "8:42:15 PDT"]
[Termination "MVM2008 won on time"]

1. d4 d5 2. c4 e6 3. Nc3 Nf6 4. Bg5 Be7 5. Nf3 O-O 6. e3 dxc4 7. Bxc4 a6 8. Bd3 b5 9. a3 Bb7 10. e4 Nbd7 11. e5 Nd5 12. h4 h6 13. Qc2 c5 14.
Ne4 Rc8 15. Nd6 Rc7 16. Rh3 cxd4 17. Nxb7 Rxb7 18. Bxh6 f5 19. exf6 gxh6 20. fxe7 Qxe7 21. Rg3+ Kh8 22. Nxd4 Nf4 23. Qc3 Qf6 24. Ne2 Nxe2 25. Qxf6+ Nxf6 26. Kxe2 Nd5 27. Be4 Nf4+ 28. Ke3 Rd7 29.
Rg4 Rdf7 30. g3 Nd5+ 31. Bxd5 exd5 32. f4 Re7+ 33. Kf2 Rfe8 34. Rg6 Kh7 35. h5 Re2+ 36. Kf3 Rxb2 37. Rc1 Rb3+ 38. Kg4 Re7 39. Rcc6 d4 40. Rxh6+ Kg8 41. Rhd6 d3 42. Kg5 d2 43. Rxd2 Rxg3+ 44.
Kf5 Rf7+ 45. Rf6 Rxf6+ 46. Kxf6 Rxa3 47. f5 Rg3 48. Rd7 b4 49. h6 b3 50. Rb7 a5 51.
Ke6 a4 52. f6 Re3+ 53. Kf5 Rf3+ 54. Kg5 1-0

[Event "Early-Titled-Tuesday-Blitz-June-18-2024"]
[Site "Chess.com"]
[Date "2024.06.18"]
[Round "4"]
[White "GOGIEFF"]
[Black "IlanSchnaider"]
[Result "1/2-1/2"]
[WhiteElo "3016"]
[BlackElo "2838"]
[TimeControl "180+1"]
[EndTime "8:42:16 PDT"]
[Termination "Game drawn - insufficient material"]

1. c4 Nf6 2. Nc3 g6 3. e4 e5 4. Nf3 Bg7 5. Nxe5 O-O 6. Nf3 Re8 7. d3 d5 8. cxd5 Nxd5 9. Bd2 c5 10. Be2 Nb4 11. Qb1 Bg4 12. O-O N8c6 13. a3 Bxf3 14. gxf3 Nd4 15. axb4 cxb4 16. Bd1 bxc3 17. bxc3 Ne6 18.
d4 Qh4 19. Qxb7 Bh6 20. Bxh6 Qxh6 21. Kh1 Rab8 22. Qxa7 Rb2 23. Qd7 Rd8 24. Qe7 Qh3 25.
Kg1 h6 26. Ra7 Rf8 27. Qd6 Qh4 28. Qg3 Qf6 29. e5 Qf5 30. d5 Nf4 31. e6 fxe6 32. dxe6 Qxe6 33. Ra4 Nh3+ 34. Kg2 Ng5 35. h4 Nh7 36.
Re4 Qf6 37. Rg4 Kg7 38. Re1 Rf7 39. Qe5 Rb6 40. h5 g5 41. Bc2 Qxe5 42. Rxe5 Nf6 43.
Rg3 Nxh5 44. Rg4 Nf6 45. Rd4 Rc6 46. c4 Rfc7 47. Bd3 Nh5 48. Kh3 Nf4+ 49. Kg4 Nxd3 50. Rxd3 Rxc4+ 51. Re4 R4c6 52. f4 gxf4 53. Rxf4 Rc4 54.
Rxc4 Rxc4+ 55. f4 Rc7 56. Rd6 Rf7 57. f5 Rf6 58. Rd7+ Rf7 59. Rd8 Rf8 60. Rd5 Rf7 61. Kf4 Ra7 62. Ke5 Re7+ 63. Kf4 Ra7 64. Rd6 Rf7 65.
Ke5 Re7+ 66. Re6 Kf7 67. Rxe7+ Kxe7 68. f6+ Kf7 69. Kf5 h5 70. Kg5 h4 71. Kxh4 Kxf6 1/2-1/2

[Event "Early-Titled-Tuesday-Blitz-June-18-2024"]
[Site "Chess.com"]
[Date "2024.06.18"]
[Round "4"]
[White "jens1102"]
[Black "Chessbard1972"]
[Result "1-0"]
[WhiteElo "2651"]
[BlackElo "2240"]
[TimeControl "180+1"]
[EndTime "8:42:20 PDT"]
[Termination "jens1102 won by checkmate"]

1. c4 e5 2. g3 Nc6 3. Bg2 g6 4. Nc3 Bg7 5. d3 d6 6. Nf3 f5 7. O-O Nf6 8. e4 O-O 9. Bg5 h6 10. Bxf6 Qxf6 11. Nd5 Qf7 12. exf5 gxf5 13. Nh4 Be6 14. b4 Nd8 15. b5 c6 16. Nc3 d5 17.
bxc6 bxc6 18. cxd5 cxd5 19. Rc1 Rc8 20. Nb5 Nb7 21.
Qa4 a5 22. Qa3 Rfd8 23. Rxc8 Rxc8 24. Rc1 Rxc1+ 25. Qxc1 e4 26. dxe4 dxe4 27. a3 Qd7 28. a4 Nd6 29. Nxd6 Qxd6 30. Bf1 Kh7 31. Ng2 Bd4 32.
Nf4 Bf7 33. Bb5 Qc5 34. Qxc5 Bxc5 35. Bd7 Bg6 36. h4 h5 37. Ne6 Bd6 38. Ng5+ Kg7 39. Kf1 Kf6 40. Ke2 f4 41. gxf4 Bxf4 42. Ne6 Be5 43.
Nc5 Bf5 44. Bxf5 Kxf5 45. Ke3 Bf4+ 46. Kd4 Bc7 47. Nxe4 Bb6+ 48. Kd5 Kf4 49. Nf6 Bxf2 50. Nxh5+ Kg4 51. Nf6+ Kxh4 52. Nd7 Be1 53. Kc6 Kg5 54. Kb5 Kf5 55. Nc5 Ke5 56. Nd3+ Kd5 57. Nxe1 Kd6 58. Kxa5 Kc7 59. Kb5 Kb8 60. a5 Ka7 61. Nd3 Kb7 62.
Nc5+ Ka7 63. Na4 Ka8 64. Nc3 Kb8 65. Nd5 Ka7 66. Nb6 Kb7 67. a6+ Ka7 68. Na4 Kb8 69.
Kb6 Ka8 70. Nc5 Kb8 71. Ne6 Ka8 72. Nc7+ Kb8 73. a7+ Kc8 74. a8=Q+ Kd7 75. Qd5+ Ke7 76. Qe6+ Kf8 77. Qd7 Kg8 78. Ne6 Kh8 79. Qg7# 1-0

[Event "Early-Titled-Tuesday-Blitz-June-18-2024"]
[Site "Chess.com"]
[Date "2024.06.18"]
[Round "4"]
[White "dennisodessa"]
[Black "Witik"]
[Result "1-0"]
[WhiteElo "2601"]
[BlackElo "2808"]
[TimeControl "180+1"]
[EndTime "8:42:22 PDT"]
[Termination "dennisodessa won on time"]

1. d4 Nf6 2. c4 e6 3. Nc3 Bb4 4.
Qc2 c5 5. dxc5 Qc7 6. Bg5 Bxc5 7.
Bxf6 gxf6 8. Nf3 Nc6 9. e3 f5 10. Be2 a6 11. O-O b6 12. e4 fxe4 13. Nxe4 Be7 14. Qc3 Rg8 15. Nf6+ Bxf6 16. Qxf6 Bb7 17.
Rfd1 Rg6 18. Qh4 Ne5 19. Qh5 Bxf3 20. Bxf3 O-O-O 21. Be2 Rdg8 22. g3 f5 23. c5 bxc5 24.
Bxa6+ Kb8 25. Qe2 Ka7 26. Bb5 f4 27. Rac1 d6 28. b4 Qb7 29. Rxd6 Nf3+ 30. Kf1 Nd4 31. Ra6+ Qxa6 32. Bxa6 Nxe2 33. Bxe2 cxb4 34. Rc4 fxg3 35. hxg3 Rb8 36. Bf3 Rf6 37. Be4 h6 38. Rc6 Rbf8 39.
f4 e5 40. Rc7+ Kb6 41. Rb7+ Kc5 42. f5 Rd6 43. Ke2 Rfd8 44. Ke3 Rd1 45. Rc7+ Kb6 46.
Rc6+ Kb5 47. Rxh6 Re1+ 48. Kf3 Rd2 49. f6 Rxa2 50. Bf5 Rf1+ 51. Kg4 Raf2 52. Rh5 Ra2 53. f7 Ra8 54. Be6 Rf8 55. Rxe5+ Kc6 56. Rf5 Rxf5 57. Kxf5 Kd6 58. Kf6 Ra8 59. g4 1-0

[Event "Early-Titled-Tuesday-Blitz-June-18-2024"]
[Site "Chess.com"]
[Date "2024.06.18"]
[Round "4"]
[White "BM223344"]
[Black "VirtualCoach"]
[Result "1/2-1/2"]
[WhiteElo "2586"]
[BlackElo "2364"]
[TimeControl "180+1"]
[EndTime "8:42:22 PDT"]
[Termination "Game drawn by repetition"]

1. d4 Nf6 2. c4 e6 3. Nf3 d5 4. g3 Bb4+ 5. Bd2 Bd6 6. Bg2 c6 7.
Qc2 O-O 8. O-O Nbd7 9. Rd1 Re8 10. Nc3 Qc7 11. e4 dxe4 12. Nxe4 Nxe4 13. Qxe4 Nf6 14.
Qh4 Be7 15. Bf4 Qb6 16. Bc1 c5 17. a4 a5 18. Be3 Nd5 19. Qe4 Nxe3 20. Qxe3 cxd4 21.
Qxd4 Bc5 22. Qd2 Bb4 23. Qc2 Qc7 24. Nd4 Bd7 25. Rac1 Rac8 26. b3 Bc5 27. Qd2 Red8 28. Qc3 Bb4 29. Qf3 e5 30. Nb5 Bxb5 31. axb5 b6 32. Qc6 Qxc6 33. bxc6 Bc5 34. Rd5 Kf8 35. Rcd1 Ke8 36. Rd7 f6 37. Bh3 Be7 38. Rxd8+ Rxd8 39. Rd7 Rxd7 40. cxd7+ Kd8 41. Kg2 g6 42. Be6 Bf8 43.
Kf3 Ke7 44. Bg8 h6 45. Ke4 Kxd7 46. Bf7 g5 47. Kf5 Ke7 48. Bd5 Bg7 49. f4 exf4 50.
gxf4 gxf4 51. h4 f3 52. Bxf3 Kd6 53. Kg6 Bf8 54. Kxf6 Be7+ 55. Kg6 Bxh4 56. Kxh6 Bf2 57. Bh5 Kc5 58. Be8 Kb4 59. Ba4 Bd4 60. Kg5 Bc3 61.
Kf5 Bb2 62. Ke6 Bd4 63. Kd5 Bc5 64. Ke4 Bf2 65. Kd3 Bg1 66. Kc2 Bc5 67. Bd7 Bf2 68.
Be6 Bc5 69. Bf7 Bg1 70. Be8 Bc5 71. Ba4 Bd4 72. Kd3 Bc5 73. Ke4 Kc3 74. Kd5 Kb2 75. Kc6 Ka3 76. Kb5 Kb2 77. Ka6 Kc3 78. Kb5 Kb2 79. Kc6 Kc3 80. Kd5 Kb4 81. Ke4 1/2-1/2

[Event "Early-Titled-Tuesday-Blitz-June-18-2024"]
[Site "Chess.com"]
[Date "2024.06.18"]
[Round "4"]
[White "AldokhinIvan"]
[Black "Cheer_Down"]
[Result "1-0"]
[WhiteElo "2639"]
[BlackElo "2415"]
[TimeControl "180+1"]
[EndTime "8:42:22 PDT"]
[Termination "AldokhinIvan won on time"]

1. e4 e6 2. d4 d5 3. Nc3 Nf6 4. e5 Nfd7 5. f4 c5 6. Nf3 Nc6 7. Be3 a6 8. Qd2 b5 9. dxc5 Bxc5 10. Bd3 Qb6 11. Bxc5 Nxc5 12. Qf2 b4 13. Ne2 a5 14. O-O Ba6 15. Rad1 Bxd3 16. cxd3 Na4 17. Qxb6 Nxb6 18. b3 Kd7 19. Ned4 Nxd4 20. Nxd4 a4 21. f5 axb3 22. axb3 Ke7 23. Rc1 Rhc8 24. fxe6 fxe6 25. Nc6+ Ke8 26. Nxb4 Rxc1 27. Rxc1 Nd7 28. Nc6 Rc8 29. Rc2 Nxe5 30. Nd4 Rxc2 31. Nxc2 Nxd3 32. b4 Kd7 33. b5 Kd6 34.
Nd4 g6 35. b6 Nc5 36. Kf2 e5 37. Nf3 e4 38. Nd4 Nb7 39. Ke3 Kc5 40. Ne6+ Kxb6 41. Nf8 Kc5 42. Nxh7 Nd6 43. Nf8 d4+ 44. Ke2 d3+ 45.
Kd2 Kd4 46. Ne6+ Ke5 47. Nf8 g5 48. Ng6+ Kd4 49. Ne7 e3+ 50. Ke1 d2+ 51. Ke2 Ke4 52. Nc6 1-0

[Event "Early-Titled-Tuesday-Blitz-June-18-2024"]
[Site "Chess.com"]
[Date "2024.06.18"]
[Round "4"]
[White "FerAsensio2024"]
[Black "LoonsDeKoeben"]
[Result "0-1"]
[WhiteElo "2525"]
[BlackElo "2384"]
[TimeControl "180+1"]
[EndTime "8:42:22 PDT"]
[Termination "LoonsDeKoeben won by checkmate"]

1. d4 e6 2. Nc3 b6 3. a3 Bb7 4. e4 Nf6 5. Bd3 d6 6. Nf3 Nbd7 7. Bg5 h6 8. Bh4 Be7 9. Qe2 Nf8 10. e5 Nd5 11. Nxd5 Bxd5 12. Bxe7 Qxe7 13. c4 Bb7 14. O-O-O d5 15. Kb1 O-O-O 16. cxd5 Bxd5 17. Rc1 Kb8 18.
Rc3 Ng6 19. Bxg6 fxg6 20. Rhc1 g5 21. Ne1 Rc8 22. Nd3 a5 23. Ka1 Bxg2 24. f3 Rhf8 25.
Qxg2 Qd7 26. Rc4 Qd5 27. Ne1 Rf4 28. Qc2 c6 29. Qc3 Kb7 30. a4 Rh4 31. Rc2 Rf4 32. Ka2 g4 33. fxg4 Rxg4 34. b3 Rg1 35. Nd3 Rf1 36. Nc1 Qh1 37. Qb2 Rd8 38. b4 axb4 39. Rxb4 Qd5+ 40. Qb3 Qa5 41. Rb2 b5 42. Nd3 Kc7 43.
Nc5 bxa4 44. Nxe6+ Kd7 45. Rb7+ Ke8 46. Qa3 Qd5+ 47.
R7b3 axb3+ 48. Rxb3 Rf2+ 49. Ka1 Qxe6 50. Rb7 Rf1+ 51. Kb2 Rf2+ 52. Ka1 Rxd4 53. Qa8+ Rd8 54. Qa4 Rf1+ 55. Kb2 Rd2+ 56. Kc3 Rd8 57. Qb4 Qxe5+ 58. Kc2 Qe2+ 59. Kc3 Rc1+ 60. Kb3 Rb1+ 61. Kc3 Qd2+ 62. Kc4 Qd4# 0-1

[Event "Early-Titled-Tuesday-Blitz-June-18-2024"]
[Site "Chess.com"]
[Date "2024.06.18"]
[Round "4"]
[White "Rsnr"]
[Black "Revan_2002"]
[Result "1/2-1/2"]
[WhiteElo "2907"]
[BlackElo "2737"]
[TimeControl "180+1"]
[EndTime "8:42:24 PDT"]
[Termination "Game drawn - insufficient material"]

1. d4 Nf6 2. c4 e6 3. Nc3 Bb4 4. Qc2 O-O 5. e4 d5 6. e5 Ne4 7. Bd3 c5 8. Nf3 cxd4 9. Nxd4 Nd7 10. O-O Bxc3 11. bxc3 Nxe5 12. Bxe4 dxe4 13. Qxe4 Nxc4 14. Qe2 e5 15. Qxc4 exd4 16. Qxd4 Qxd4 17. cxd4 Be6 18. Be3 Rfd8 19. a4 Rac8 20. a5 Rc2 21. Rfb1 Bd5 22.
a6 b6 23. Bf4 f6 24. Rc1 Rdc8 25. Rxc2 Rxc2 26. Bb8 Ra2 27. Rxa2 Bxa2 28. Bxa7 Bc4 29. Bxb6 Bxa6 30. f3 Bc4 31. Kf2 Kf7 32. Ke3 Ke6 33. g4 Bd5 34. Bc5 Bc6 35. h4 g6 36. Kf4 Bd5 37.
Bf8 Bc6 38. Bg7 Bd5 39. Kg3 h5 40. Kf4 Bc6 41. Bf8 Bd5 42. Ba3 Bc6 43. Ke3 Bd5 44.
Bf8 Bc6 45. Bh6 Bd5 46. Bf4 Bc6 47. Bc7 Bd5 48. Kf4 Bc6 49. Kg3 Bd5 50. f4 hxg4 51.
Kxg4 Be4 52. Kg3 Kd5 53. Bd8 Kxd4 54. Bxf6+ Kd5 55. Kg4 Ke6 56. Kg5 Kf7 57. Be5 Bd3 58.
Bd4 Bc2 59. Bc3 Bd3 60. f5 Bxf5 61. h5 gxh5 62. Kxf5 h4 63. Kg4 h3 64. Kxh3 1/2-1/2